 Dungeon Sprint DCSS version 0.23-a0-171-g5ae17c6 (webtiles) character file.

2249 emperorscorpion the Thaumaturge (level 9, -15/75 HPs)
             Began as a Gnoll Warper on Sept 12, 2018.
             Was an Elder of Sif Muna.
             Demolished by a komodo dragon (18 damage)
             ... in the Dungeon (Sprint IX: "|||||||||||||||||||||||||||||").
             The game lasted 00:04:49 (354 turns).

emperorscorpion the Thaumaturge (Gnoll Warper)       Turns: 354, Time: 00:04:50

Health: -15/75     AC:  4    Str: 13    XL:     9   Next: 37%
Magic:  9/22       EV: 19    Int: 22    God:    Sif Muna [****..]
Gold:   0          SH:  0    Dex: 15    Spells: 15/26 levels left

rFire    . . .     SeeInvis .   b - +2 halberd (venom)
rCold    . . .     Gourm    .   (shield currently unavailable)
rNeg     . . .     Faith    .   p - +0 leather armour
rPois    .         Spirit   .   (no helmet)
rElec    .         Reflect  .   (no cloak)
rCorr    .         Harm     .   (no gloves)
MR       .....     NoTele   +   (no boots)
Stlth    +++.......             (no amulet)
HPRegen  0.22/turn              t - +3 ring of intelligence
MPRegen  0.18/turn              u - +2 ring of evasion

@: lethally poisoned (-15 -> -36)
A: distributed training, fangs 1, strong nose
a: Divine Energy, Channel Magic, Forget Spell, Renounce Religion


You were in the Dungeon.
You worshipped Sif Muna.
Sif Muna was greatly pleased with you.
You were not hungry.

You visited 1 branch

Inventory:

Hand Weapons
 a - the +4 quarterstaff of Liceust {elec, rC++ Str+4}
   (You found it in the Dungeon)

   Occasionally, upon striking a foe, it will discharge some electrical energy
   and cause terrible harm.
   It affects your strength (+4).
   It greatly protects you from cold.
 b - a +2 halberd of venom (weapon)
 k - a +0 shortbow
 q - a +0 spear
Missiles
 e - 5 tomahawks of dispersal (quivered)
 v - 9 arrows
Armour
 p - a +0 leather armour (worn)
 r - a +0 cloak
 s - a +0 helmet
Magical Staves
 o - an uncursed staff of energy
 w - an uncursed staff of conjuration
Jewellery
 t - a +3 ring of intelligence (left hand)
 u - a +2 ring of evasion (right hand)
Wands
 n - a wand of iceblast (5)
Scrolls
 d - 3 scrolls of blinking
 l - 4 scrolls of remove curse
 m - 2 scrolls of amnesia
 x - 4 scrolls of enchant armour
 y - 2 scrolls of enchant weapon
 z - a scroll of identify
Potions
 c - a potion of mutation
 g - 8 potions of curing
 h - 3 potions of heal wounds
 i - a potion of haste
 j - 4 potions of magic
Comestibles
 f - a ration


   Skills:
 + Level 8.8 Fighting
 + Level 7.4 Short Blades
 + Level 7.4 Long Blades
 + Level 7.4 Axes
 + Level 7.4 Maces & Flails
 + Level 8.8 Polearms
 + Level 7.4 Staves
 + Level 7.4 Slings
 + Level 7.4 Bows
 + Level 7.4 Crossbows
 + Level 8.0 Throwing
 + Level 8.0 Armour
 + Level 8.8 Dodging
 + Level 7.4 Stealth
 + Level 7.4 Shields
 + Level 7.4 Unarmed Combat
 + Level 9.1 Spellcasting
 + Level 6.2 Conjurations
 + Level 6.2 Hexes
 + Level 6.2 Charms
 + Level 6.2 Summonings
 + Level 6.2 Necromancy
 + Level 8.4 Translocations
 + Level 6.2 Transmutations
 + Level 6.2 Fire Magic
 + Level 6.2 Ice Magic
 + Level 6.2 Air Magic
 + Level 6.2 Earth Magic
 + Level 6.2 Poison Magic
 + Level 8.2 Invocations
 + Level 7.4 Evocations


You had 15 spell levels left.
You knew the following spells:

 Your Spells              Type           Power        Failure   Level  Hunger
a - Shroud of Golubria    Chrm/Tloc      #####.....   1%          2    None
b - Blink                 Tloc           N/A          1%          2    None
c - Teleport Other        Tloc           #####...     1%          3    None
d - Passage of Golubria   Tloc           N/A          2%          4    ##.....

Your spell library contained the following spells:

 Spells                   Type           Power        Failure   Level  Hunger
 Gell's Gravitas          Tloc           #####.....   1%          3    None
 Lesser Beckoning         Tloc           #####.....   1%          3    None


Dungeon Overview and Level Annotations

Branches:
Dungeon (1/1)

Altars:
Cheibriados
Dithmenos
Elyvilon
Fedhas
Gozag
Hepliaklqana
Kikubaaqudgha
Makhleb
Nemelex Xobeh
Okawaru
Qazlal
Ru
Sif Muna
Trog
Uskayaw
Vehumet
Wu Jian
Xom
Yredelemnul
Zin
The Shining One
Beogh
Jiyva
Lugonu


Innate Abilities, Weirdness & Mutations

Your experience applies equally to all skills.
You have very sharp teeth.
Your uncanny sense of smell can sniff out nearby items.


Message History

The spiny frog poisons you!
Casting: Blink (safe; 1% risk of failure)
Confirm with . or Enter, or press ? or * to list all spells.
You blink.
* * * LOW HITPOINT WARNING * * *
You feel very sick.
The komodo dragon completely misses you.
Unknown command.
* * * LOW HITPOINT WARNING * * *
You feel sick.
Things that are here:
a water moccasin corpse; a crocodile corpse
Casting: Blink (safe; 1% risk of failure)
Confirm with . or Enter, or press ? or * to list all spells.
You blink.
* * * LOW HITPOINT WARNING * * *
You feel sick. The porcupine bites you.
* * * LOW HITPOINT WARNING * * *
The komodo dragon bites you!!
You die...

∆∆∆∆∆∆∆∆∆∆∆ ∆∆∆∆∆∆∆∆∆∆∆∆∆
▓▓▓▓▓▓▓▓▓▓▓▓▓▓▓▓▓▓▓▓▓▓▓▓▓▓
+.Dt.HFSr@l§....).).....'.
▓▓▓▓▓▓▓▓▓▓▓▓▓▓▓▓▓▓▓▓▓▓▓▓▓▓▓▓▓▓▓▓▓
.................................
▓▓▓▓▓▓▓▓▓▓▓▓▓▓▓▓▓▓▓▓▓▓▓▓▓▓▓▓▓▓▓▓▓
______________________'.....)....
▓▓▓▓▓▓▓▓▓▓▓▓▓▓▓▓▓▓▓▓▓▓▓▓▓▓▓▓▓▓▓▓▓


You could see a komodo dragon, a hippogriff, a spiny frog, a steam dragon, a
water moccasin, a crocodile and a porcupine.

Vanquished Creatures
  A catoblepas (D)
  A two-headed ogre (D)
  A tengu conjurer (D)
  A water moccasin (D)
  2 ice beasts (D)
  A black bear (D)
  A centaur (D)
  A crocodile (D)
  A bullfrog (D)
  A howler monkey (D)
  A crimson imp (D)
  2 hounds (D)
  An adder zombie (D)
  3 orcs (D)
  A bat (D)
  A goblin (D)
  A hobgoblin (D)
  A jackal (D)
  A rat (D)
23 creatures vanquished.

Vanquished Creatures (others)
  A spatial maelstrom (D)
1 creature vanquished.

Grand Total: 24 creatures vanquished

Notes
Turn   | Place    | Note
-------+----------+-------------------------------------------
     0 | D        | emperorscorpion the Gnoll Warper began the quest for the
                  | Orb.
     0 | D        | Reached XP level 1. HP: 20/20 MP: 6/6
    13 | D        | Reached skill level 5 in Spellcasting
    15 | D        | Reached skill level 1 in Invocations
    18 | D        | Reached skill level 1 in Short Blades
    18 | D        | Reached skill level 1 in Long Blades
    18 | D        | Reached skill level 1 in Axes
    18 | D        | Reached skill level 1 in Maces & Flails
    18 | D        | Reached skill level 1 in Staves
    18 | D        | Reached skill level 1 in Slings
    18 | D        | Reached skill level 1 in Bows
    18 | D        | Reached skill level 1 in Crossbows
    18 | D        | Reached skill level 1 in Stealth
    18 | D        | Reached skill level 1 in Shields
    18 | D        | Reached skill level 1 in Unarmed Combat
    18 | D        | Reached skill level 1 in Evocations
    26 | D        | Banished a spatial maelstrom
    29 | D        | Noticed a hound
    29 | D        | Noticed a crimson imp
    29 | D        | Noticed a hound
    34 | D        | Killed a hound
    34 | D        | Reached skill level 5 in Fighting
    34 | D        | Reached skill level 5 in Polearms
    34 | D        | Reached skill level 5 in Dodging
    34 | D        | Reached skill level 1 in Conjurations
    34 | D        | Reached skill level 1 in Hexes
    34 | D        | Reached skill level 1 in Charms
    34 | D        | Reached skill level 1 in Summonings
    34 | D        | Reached skill level 1 in Necromancy
    34 | D        | Reached skill level 1 in Transmutations
    34 | D        | Reached skill level 1 in Fire Magic
    34 | D        | Reached skill level 1 in Ice Magic
    34 | D        | Reached skill level 1 in Air Magic
    34 | D        | Reached skill level 1 in Earth Magic
    34 | D        | Reached skill level 1 in Poison Magic
    34 | D        | Reached XP level 2. HP: 21/27 MP: 8/8
    34 | D        | Reached XP level 3. HP: 26/33 MP: 9/9
    38 | D        | Reached XP level 4. HP: 30/39 MP: 9/11
    55 | D        | Found a roughly hewn altar of Beogh.
    55 | D        | Found a snail-covered altar of Cheibriados.
    55 | D        | Found a shadowy altar of Dithmenos.
    55 | D        | Found a white marble altar of Elyvilon.
    55 | D        | Found a blossoming altar of Fedhas.
    55 | D        | Found an opulent altar of Gozag.
    56 | D        | Found a hazy altar of Hepliaklqana.
    57 | D        | Found a viscous altar of Jiyva.
    58 | D        | Found an ancient bone altar of Kikubaaqudgha.
    59 | D        | Found a corrupted altar of Lugonu.
    60 | D        | Found a burning altar of Makhleb.
    61 | D        | Found a sparkling altar of Nemelex Xobeh.
    62 | D        | Found an iron altar of Okawaru.
    63 | D        | Found a stormy altar of Qazlal.
    64 | D        | Found a sacrificial altar of Ru.
    65 | D        | Found a deep blue altar of Sif Muna.
    66 | D        | Found a bloodstained altar of Trog.
    67 | D        | Found a hide-covered altar of Uskayaw.
    68 | D        | Found a radiant altar of Vehumet.
    69 | D        | Found an ornate altar of the Wu Jian Council.
    70 | D        | Found a shimmering altar of Xom.
    71 | D        | Found a basalt altar of Yredelemnul.
    72 | D        | Found a glowing silver altar of Zin.
    73 | D        | Became a worshipper of Sif Muna the Loreminder
    74 | D        | Found a glowing golden altar of the Shining One.
    92 | D        | Got the +4 quarterstaff of Liceust {elec, rC++ Str+4}
   109 | D        | Learned a level 2 spell: Blink
   112 | D        | Learned a level 2 spell: Shroud of Golubria
   116 | D        | Learned a level 3 spell: Teleport Other
   121 | D        | Learned a level 4 spell: Passage of Golubria
   122 | D        | Noticed a black bear
   122 | D        | Noticed a two-headed ogre
   122 | D        | Noticed an ice beast
   122 | D        | Noticed an ice beast
   138 | D        | Killed an ice beast
   138 | D        | Reached * piety under Sif Muna
   138 | D        | Reached skill level 6 in Spellcasting
   138 | D        | Reached XP level 5. HP: 35/46 MP: 5/13
   143 | D        | Killed an ice beast
   143 | D        | Reached skill level 5 in Throwing
   143 | D        | Reached skill level 5 in Armour
   143 | D        | Reached XP level 6. HP: 41/53 MP: 5/15
   148 | D        | Killed a two-headed ogre
   148 | D        | Reached ** piety under Sif Muna
   148 | D        | Reached *** piety under Sif Muna
   148 | D        | Reached skill level 8 in Spellcasting
   148 | D        | Reached skill level 5 in Conjurations
   148 | D        | Reached skill level 5 in Hexes
   148 | D        | Reached skill level 5 in Charms
   148 | D        | Reached skill level 5 in Summonings
   148 | D        | Reached skill level 5 in Necromancy
   148 | D        | Reached skill level 5 in Transmutations
   148 | D        | Reached skill level 5 in Fire Magic
   148 | D        | Reached skill level 5 in Ice Magic
   148 | D        | Reached skill level 5 in Air Magic
   148 | D        | Reached skill level 5 in Earth Magic
   148 | D        | Reached skill level 5 in Poison Magic
   148 | D        | Reached XP level 7. HP: 49/61 MP: 4/18
   148 | D        | Reached XP level 8. HP: 54/68 MP: 4/20
   168 | D        | Noticed a two-headed ogre
   168 | D        | Noticed a tengu conjurer
   168 | D        | Noticed a catoblepas
   175 | D        | Killed a tengu conjurer
   197 | D        | Killed a catoblepas
   197 | D        | Reached **** piety under Sif Muna
   197 | D        | Reached XP level 9. HP: 7/75 MP: 5/21
   220 | D        | Reached skill level 9 in Spellcasting
   335 | D        | Noticed a spiny frog
   335 | D        | Noticed a komodo dragon
   354 | D        | HP: 3/75 [porcupine (3)]
   354 | D        | Demolished by a komodo dragon

Vault maps used:
D:        linesprint

Skill      XL: |  1  2  3  4  5  6  7  8  9 |
---------------+----------------------------+-----
Spellcasting   | 5 6 8 9 |  9.1
Invocations    | 2 4 6 7 8 |  8.2
Short Blades   | 2 3 4 6 7 |  7.4
Long Blades    | 2 3 4 6 7 |  7.4
Axes           | 2 3 4 6 7 |  7.4
Maces & Flails | 2 3 4 6 7 |  7.4
Staves         | 2 3 4 6 7 |  7.4
Slings         | 2 3 4 6 7 |  7.4
Bows           | 2 3 4 6 7 |  7.4
Crossbows      | 2 3 4 6 7 |  7.4
Stealth        | 2 3 4 6 7 |  7.4
Shields        | 2 3 4 6 7 |  7.4
Unarmed Combat | 2 3 4 6 7 |  7.4
Evocations     | 2 3 4 6 7 |  7.4
Fighting       | 5 6 7 8 |  8.8
Polearms       | 5 6 7 8 |  8.8
Throwing       | 3 4 5 6 7 8 |  8.0
Armour         | 3 4 5 6 7 8 |  8.0
Dodging        | 5 6 7 8 |  8.8
Conjurations   | 1 2 3 5 6 |  6.2
Hexes          | 1 2 3 5 6 |  6.2
Charms         | 1 2 3 5 6 |  6.2
Summonings     | 1 2 3 5 6 |  6.2
Necromancy     | 1 2 3 5 6 |  6.2
Transmutations | 1 2 3 5 6 |  6.2
Fire Magic     | 1 2 3 5 6 |  6.2
Ice Magic      | 1 2 3 5 6 |  6.2
Air Magic      | 1 2 3 5 6 |  6.2
Earth Magic    | 1 2 3 5 6 |  6.2
Poison Magic   | 1 2 3 5 6 |  6.2
Translocations | 6 7 8 |  8.4

Action                   |  1- 3 |  4- 6 |  7- 9 || total
-------------------------+-------+-------+-------++-------
Melee: Spear             |    23 |    10 |       ||    33
       Bite              |     1 |     4 |     3 ||     8
       Halberd           |       |     9 |    11 ||    20
       Quarterstaff      |       |     5 |    18 ||    23
 Cast: Blink             |       |     4 |    11 ||    15
       Shroud of Golubri |       |     1 |     1 ||     2
       Teleport Other    |       |       |     1 ||     1
Evoke: Wand              |       |     4 |     1 ||     5
  Use: Potion            |     1 |       |     4 ||     5
 Stab: Invisible         |       |       |     2 ||     2
       Sleeping          |       |       |     1 ||     1
Armor: Leather armour    |     1 |     1 |     3 ||     5
Dodge: Dodged            |     8 |    11 |    26 ||    45

Table legend:
 A = Non-vault XP
 B = Vault XP
 C = Vault XP percentage of total XP
 D = Non-vault monster count
 E = Vault monster count
 F = Vault count percentage of total count
                 A         B        C        D         E       F
            +---------+---------+-------+---------+---------+-------
      Total |       0 |    3214 | 100.0 |       0 |      23 | 100.0
            +---------+---------+-------+---------+---------+-------
          D |       0 |    3214 | 100.0 |       0 |      23 | 100.0
            +---------+---------+-------+---------+---------+-------
